 Dungeon Crawl Stone Soup version 0.30.1-1-g62c8e00024 (webtiles) character file.

Game seed: 3378700308695459641

183 Fodor the Covered (level 5, -8/46 HPs)
             Began as a Minotaur Fighter on July 14, 2023.
             Mangled by an iguana (11 damage)
             ... on level 4 of the Dungeon.
             The game lasted 00:13:02 (3404 turns).

Fodor the Covered (Minotaur Fighter)                Turns: 3404, Time: 00:13:02

Health: -8/46      AC: 11    Str: 23    XL:     5   Next: 35%
Magic:  4/4        EV:  8    Int:  5    God:
Gold:   75         SH:  4    Dex:  9    Spells: 4/4 levels left

rFire   . . .        p - +0 short sword (vamp)
rCold   . . .        c - +0 buckler
rNeg    + . .        j - +0 chain mail
rPois   .            (helmet restricted)
rElec   .            (no cloak)
rCorr   .            t - +0 pair of gloves
SInv    .            (no boots)
Will    .....        (no amulet) Stlth
                     e - ring of positive energy
HPRegen 0.27/turn    (no ring)
MPRegen 0.09/turn

%: no passive effects
@: no status effects
A: horns 2, retaliatory headbutt
a: no special abilities


You were on level 4 of the Dungeon.
You visited 1 branch of the dungeon, and saw 4 of its levels.

You collected 75 gold pieces.

Inventory:

Hand Weapons
 a - a +0 long sword
 p - a +0 vampiric short sword (weapon)
Missiles
 g - 5 boomerangs (quivered)
 k - 16 poisoned darts
Armour
 c - a +0 buckler (worn)
 j - a +0 chain mail (worn)
 t - a +0 pair of gloves (worn)
Jewellery
 e - a ring of positive energy (left hand)
 o - an amulet of magic regeneration
Scrolls
 b - a scroll of fog {unknown}
 f - a scroll of poison {unknown}
 h - a scroll of vulnerability {unknown}
 n - 2 scrolls of identify {unknown}
 q - 2 scrolls of teleportation {unknown}
 r - a scroll of butterflies {unknown}
 v - a scroll of blinking {unknown}
 w - a scroll of enchant weapon {unknown}
Potions
 d - a potion of might
 i - 2 potions of curing {unknown}
 l - 2 potions of heal wounds {unknown}
 m - a potion of attraction {unknown}
 s - a potion of haste {unknown}
 u - a potion of flight {unknown}
 x - a potion of magic {unknown}
 z - a potion of mutation {unknown}


   Skills:
 + Level 4.1 Fighting
 + Level 1.6(2.6) Short Blades
 + Level 3.3(3.6) Long Blades
 + Level 0.5 Throwing
 + Level 5.4 Armour
 + Level 1.0 Dodging
 + Level 4.3 Shields


You had 4 spell levels left.
You didn't know any spells.
Your spell library was empty.

Dungeon Overview and Level Annotations

Branches:
Dungeon (4/15)
 Temple: D:4-7

Altars:
Kikubaaqudgha

Shops:
D:1 :(


Innate Abilities, Weirdness & Mutations

You have a pair of horns on your head.
You reflexively headbutt those who attack you in melee.


Message History

Your Dodging skill increases to level 1!
The gnoll hits you but does no damage.
Things that are here:
a +0 club; a gnoll corpse You barely miss the gnoll.
The ball python bites you but does no damage.
The ball python barely misses you. The gnoll hits you but does no damage.
The gnoll hits you with a +0 spear.
You closely miss the ball python. The ball python completely misses you.
You block the ball python's attack.
You hit the ball python.
The ball python is severely wounded.
The ball python closely misses you. The ball python grabs you.
The ball python constricts you. The gnoll barely misses you.
The gnoll hits you with a +0 spear. You block the ball python's attack.
The ball python constricts you.
You hit the ball python.
You kill the ball python!
The gnoll hits you with a +0 club. You block the gnoll's attack.
You closely miss the iguana. Your headbutt misses the iguana.
The iguana bites you. The gnoll barely misses you.
The gnoll hits you but does no damage.
You closely miss the iguana. The gnoll hits you with a +0 club.
The iguana barely misses you. You furiously retaliate!
You headbutt the iguana! The gnoll hits you with a +0 spear.
* * * LOW HITPOINT WARNING * * *
You hit the iguana.
The iguana is severely wounded.
You block the gnoll's attack. The iguana bites you!
* * * LOW HITPOINT WARNING * * *
The gnoll closely misses you. You furiously retaliate!
You headbutt the gnoll, but do no damage.
You barely miss the iguana.
The iguana is severely wounded.
The gnoll hits you but does no damage. You block the iguana's attack.
The gnoll misses you.
You barely miss the iguana. Your headbutt misses the iguana.
The iguana is severely wounded.
The gnoll barely misses you. The iguana bites you!
You die...

#....# ###..# ##..
#....# .... #....#
...# #...## ..#
#...# ...### #...#
###......
#lg(###....#
#####@####..##....#
#...g)†..†.#.......
#.........##.......
#.........# .......
#....<....# ####.##
#/........# #
#...†.....#
#...........#
#........##..


You could see an iguana and 2 gnolls.

Vanquished Creatures
  A hound (D:3)
  5 gnolls
  5 adders
  2 worms
  2 dart slugs (D:1)
  An orc (D:2)
  4 endoplasms (D:1)
  A giant cockroach (D:3)
  4 goblins
  3 hobgoblins
  5 jackals
  3 quokkas
  5 ball pythons
  5 bats
  2 frilled lizards
  2 kobolds
  4 rats
54 creatures vanquished.

Notes
Turn   | Place    | Note
-------+----------+-------------------------------------------
     0 | D:1      | Fodor the Minotaur Fighter began the quest for the Orb.
     0 | D:1      | Reached XP level 1. HP: 19/19 MP: 0/0
   233 | D:1      | Reached XP level 2. HP: 20/27 MP: 1/1
   290 | D:1      | Found Ubiveuj's Book Shop.
   461 | D:1      | Reached skill level 4 in Armour
   488 | D:1      | Found Didyjuk's Weapon Emporium.
  1638 | D:2      | Reached XP level 3. HP: 16/33 MP: 2/2
  2082 | D:2      | Reached skill level 1 in Short Blades
  2403 | D:2      | Found an ancient bone altar of Kikubaaqudgha.
  2683 | D:3      | Reached XP level 4. HP: 40/40 MP: 3/3
  3017 | D:3      | Reached skill level 5 in Armour
  3260 | D:3      | Reached XP level 5. HP: 46/46 MP: 4/4
  3394 | D:4      | Reached skill level 1 in Dodging
  3404 | D:4      | Mangled by an iguana

Illustrated notes

Levels and vault maps discovered:
D:1:      roderic_octagonal_star, layout_basic, serial_shops,
          nicolae_shop_statue_plus, shop
D:2:      layout_basic, basic_altar
D:3:      layout_loops_ring, hangedman_decor_points
D:4:      layout_rooms, evilmike_ruin_ashenzari, kennysheep_mini,
          nicolae_tso_swordbearing_angel

Skill      XL: |  1  2  3  4  5 |
---------------+----------------+-----
Shields        | 4 |  4.3
Armour         | 4 5 |  5.4
Long Blades    | 3 |  3.3
Short Blades   | 1 |  1.6
Fighting       | 4 |  4.1
Dodging        | 1 |  1.0
Throwing       | |  0.5

Action                     |  1- 3 |  4- 6 || total
---------------------------+-------+-------++-------
  Melee: Long sword        |    50 |       ||    50
         Headbutt          |    12 |    14 ||    26
         Short sword       |    42 |    76 ||   118
  Throw: Boomerang         |     4 |       ||     4
 Armour: Scale mail        |    24 |       ||    24
         Chain mail        |    33 |    36 ||    69
  Dodge: Dodged            |    53 |    43 ||    96
  Block: Buckler           |    26 |    20 ||    46
